PCL
SPOKANE TRAPPERS @ VANCOUVER VIPERS
06/06/2030
 
TOP OF THE 1ST
Spokane Trappers batting - Pitching for Vancouver Vipers : LHP Scott Davis
Pitching: LHP Scott Davis
Batting: RHB Enrique Mendoza 0-0: Ball
1-0: Ball
2-0: Ball
3-0: Ground out 5-3 (Groundball, 56S)
Batting: RHB Alberto Velásquez 0-0: Ball
1-0: Ball
2-0: Fly out, F4 (Popup, 4M)
Batting: RHB Andrew Good 0-0: Called Strike
0-1: Swinging Strike
0-2: SINGLE (Flyball, 7S)
Batting: RHB Carlos García 0-0: Swinging Strike
0-1: DOUBLE (Line Drive, 89D)
Andrew Good to third
Runner from 3rd tries for Home, SAFE, no throw
Pinch Runner at 2nd Juan Velásquez:
Batting: LHB Stan Bates 0-0: Ball
1-0: Called Strike
1-1: Ground out 6-3 (Groundball, 6)
Top of the 1st over - 1 run, 2 hits, 0 errors, 1 left on base; Spokane 1 - Vancouver 0
BOTTOM OF THE 1ST
Vancouver Vipers batting - Pitching for Spokane Trappers : RHP Ben Cobb
Pitching: RHP Ben Cobb
Now in LF: Juan Velásquez
Batting: RHB Salvador Medine 0-0: Ball
1-0: Foul Ball, location: 2F
1-1: Foul Ball, location: 2F
1-2: Ball
2-2: Foul Ball, location: 2F
2-2: Strikes out swinging
Batting: SHB Henry Copeland 0-0: SINGLE (Groundball, 4D)
Batting: LHB Benny Richard 0-0: Fly out, F2 (Popup, 2LF)
Batting: LHB Collin Smith 0-0: Ball
1-0: Ball
2-0: 2-RUN HOME RUN (Flyball, 9D), Distance : 381 ft
Batting: RHB Ryan Parrish 0-0: Ball
1-0: Called Strike
1-1: Ball
2-1: Ground out 6-3 (Groundball, 6)
Bottom of the 1st over - 2 runs, 2 hits, 0 errors, 0 left on base; Spokane 1 - Vancouver 2
TOP OF THE 2ND
Spokane Trappers batting - Pitching for Vancouver Vipers : LHP Scott Davis
Batting: RHB Freddy Padilla 0-0: DOUBLE (Flyball, 8LD)
Batting: LHB Harry Pitts 0-0: Called Strike
0-1: Ball
1-1: Swinging Strike
1-2: Strikes out swinging, 2-3 out at first.
Batting: SHB Chris Bennis 0-0: Ground out 4-3 (Groundball, 4)
Freddy Padilla to third
Batting: LHB Tommy Evans 0-0: Called Strike
0-1: Ball
1-1: Foul Ball, location: 2F
1-2: SINGLE (Line Drive, 56D)
Freddy Padilla scores
Batting: RHB Enrique Mendoza 0-0: Called Strike
0-1: SINGLE (Groundball, 56D)
Tommy Evans to second
Batting: RHB Alberto Velásquez 0-0: Ball
1-0: Ball
2-0: Ball
3-0: Called Strike
3-1: Foul Ball, location: 2F
3-2: Fly out, F9 (Flyball, 9)
Top of the 2nd over - 1 run, 3 hits, 0 errors, 2 left on base; Spokane 2 - Vancouver 2
BOTTOM OF THE 2ND
Vancouver Vipers batting - Pitching for Spokane Trappers : RHP Ben Cobb
Batting: LHB Nick Gamble 0-0: Ground out 6-3 (Groundball, 6M)
Batting: RHB Rob Brady 0-0: Called Strike
0-1: SINGLE (Groundball, 15) (infield hit)
Batting: RHB Horace Johnson 0-0: Ball
1-0: Ground out 4-3 (Groundball, 4S)
Rob Brady to second
Batting: RHB Steve Bender 0-0: Ball
1-0: Called Strike
1-1: Foul Ball, location: 2F
1-2: Foul Ball, location: 2F
1-2: Ground out 5-3 (Groundball, 56)
Bottom of the 2nd over - 0 runs, 1 hit, 0 errors, 1 left on base; Spokane 2 - Vancouver 2
TOP OF THE 3RD
Spokane Trappers batting - Pitching for Vancouver Vipers : LHP Scott Davis
Batting: RHB Andrew Good 0-0: Ground out 5-3 (Groundball, 56S)
Batting: RHB Juan Velásquez 0-0: Ball
1-0: Ball
2-0: Foul Ball, location: 2F
2-1: Foul Ball, location: 2F
2-2: SINGLE (Line Drive, 6MD)
Batting: LHB Stan Bates 0-0: Called Strike
0-1: Called Strike
0-2: Ball
1-2: Ball
2-2: Strikes out swinging
Batting: RHB Freddy Padilla 0-0: Ball
1-0: Foul Ball, location: 2F
1-1: Ball
2-1: Foul Ball, location: 2F
2-2: Foul Ball, location: 2F
2-2: Foul Ball, location: 2F
2-2: Ball
3-2: Ground out U3 (Groundball, 3L)
Top of the 3rd over - 0 runs, 1 hit, 0 errors, 1 left on base; Spokane 2 - Vancouver 2
BOTTOM OF THE 3RD
Vancouver Vipers batting - Pitching for Spokane Trappers : RHP Ben Cobb
Batting: RHB Salvador Medine 0-0: Ball
1-0: Ball
2-0: Called Strike
2-1: Ball
3-1: Called Strike
3-2: Base on Balls
Batting: SHB Henry Copeland 0-0: Swinging Strike
0-1: Ball
1-1: 2-RUN HOME RUN (Flyball, 7D), Distance : 384 ft
Batting: LHB Benny Richard 0-0: Called Strike
0-1: Swinging Strike
0-2: DOUBLE (Flyball, 7LD)
Batting: LHB Collin Smith 0-0: TRIPLE (Flyball, 8LXD)
Benny Richard scores
Batting: RHB Ryan Parrish 0-0: Called Strike
0-1: Swinging Strike
0-2: Strikes out swinging
Batting: LHB Nick Gamble 0-0: Ball
1-0: Ball
2-0: Called Strike
2-1: Ball
3-1: Fly out, F7 (Flyball, 7S)
Batting: RHB Rob Brady 0-0: Ball
1-0: Foul Ball, location: 2F
1-1: Ball
2-1: SINGLE (Flyball, 8RS)
Collin Smith scores
Batting: RHB Horace Johnson 0-0: Ball
1-0: Ball
2-0: Called Strike
2-1: Ball
3-1: Foul Ball, location: 2F
3-2: Foul Ball, location: 2F
3-2: Base on Balls
Rob Brady to second
Batting: RHB Steve Bender 0-0: Ball
1-0: Swinging Strike
1-1: Ball
2-1: Foul Ball, location: 2F
2-2: Foul Ball, location: 2F
2-2: Strikes out swinging
Bottom of the 3rd over - 4 runs, 4 hits, 0 errors, 2 left on base; Spokane 2 - Vancouver 6
TOP OF THE 4TH
Spokane Trappers batting - Pitching for Vancouver Vipers : LHP Scott Davis
Batting: LHB Harry Pitts 0-0: Swinging Strike
0-1: Ball
1-1: Called Strike
1-2: Strikes out swinging
Batting: SHB Chris Bennis 0-0: Called Strike
0-1: Ball
1-1: Foul Ball, location: 2F
1-2: Strikes out looking
Batting: LHB Tommy Evans 0-0: Called Strike
0-1: Ball
1-1: Foul Ball, location: 2F
1-2: Strikes out swinging
Top of the 4th over - 0 runs, 0 hits, 0 errors, 0 left on base; Spokane 2 - Vancouver 6
BOTTOM OF THE 4TH
Vancouver Vipers batting - Pitching for Spokane Trappers : RHP Ben Cobb
Batting: RHB Salvador Medine 0-0: Foul Ball, location: 2F
0-1: Foul Ball, location: 2F
0-2: Strikes out swinging
Batting: SHB Henry Copeland 0-0: Ball
1-0: Ball
2-0: Ground out 4-3 (Groundball, 4)
Batting: LHB Benny Richard 0-0: Called Strike
0-1: Called Strike
0-2: Ground out 6-3 (Groundball, 6)
Bottom of the 4th over - 0 runs, 0 hits, 0 errors, 0 left on base; Spokane 2 - Vancouver 6
TOP OF THE 5TH
Spokane Trappers batting - Pitching for Vancouver Vipers : LHP Scott Davis
Batting: RHB Enrique Mendoza 0-0: Swinging Strike
0-1: SINGLE (Line Drive, 89S)
Batting: RHB Alberto Velásquez 0-0: Foul Ball, location: 2F
0-1: Ball
1-1: Called Strike
1-2: Ball
2-2: Grounds into double play, 6-4-3 (Groundball, 6)
Batting: RHB Andrew Good 0-0: Ball
1-0: Foul Ball, location: 2F
1-1: Called Strike
1-2: Ball
2-2: Strikes out looking
Top of the 5th over - 0 runs, 1 hit, 0 errors, 0 left on base; Spokane 2 - Vancouver 6
BOTTOM OF THE 5TH
Vancouver Vipers batting - Pitching for Spokane Trappers : RHP Ben Cobb
Batting: LHB Collin Smith 0-0: Ground out 6-3 (Groundball, 6)
Batting: RHB Ryan Parrish 0-0: Ball
1-0: Called Strike
1-1: SINGLE (Groundball, 3D)
Pitching: RHP Jeff Alexander
Batting: LHB Nick Gamble 0-0: Ball
1-0: DOUBLE (Line Drive, 9LM)
Ryan Parrish to third
Runner from 3rd tries for Home, SAFE, no throw
Batting: RHB Rob Brady 0-0: Called Strike
0-1: Called Strike
0-2: Strikes out swinging
Batting: RHB Horace Johnson 0-0: Ball
1-0: Ball
2-0: Ball
3-0: Base on Balls
Batting: RHB Steve Bender 0-0: Ball
1-0: Ball
2-0: Called Strike
2-1: Ball
3-1: Base on Balls
Nick Gamble to third
Horace Johnson to second
Batting: RHB Salvador Medine 0-0: Ball
1-0: Fly out, F4 (Line Drive, 4)
Bottom of the 5th over - 1 run, 2 hits, 0 errors, 3 left on base; Spokane 2 - Vancouver 7
TOP OF THE 6TH
Spokane Trappers batting - Pitching for Vancouver Vipers : LHP Scott Davis
Batting: RHB Juan Velásquez 0-0: SINGLE (Line Drive, 7LS)
Batting: LHB Stan Bates 0-0: Called Strike
0-1: Ball
1-1: Ball
2-1: Ball
3-1: Foul Ball, location: 2F
3-2: Ground out 4-3 (Groundball, 4)
Juan Velásquez to second
Batting: RHB Freddy Padilla 0-0: Ball
1-0: Foul Ball, location: 2F
1-1: Called Strike
1-2: SINGLE (Line Drive, 4D)
Juan Velásquez to third
Runner from 3rd tries for Home, SAFE, no throw
Batting: LHB Harry Pitts 0-0: Swinging Strike
0-1: Ball
1-1: Ball
2-1: Called Strike
2-2: Strikes out swinging
Batting: SHB Chris Bennis 0-0: Foul Ball, location: 2F
0-1: Ground out 4-3 (Groundball, 4)
Top of the 6th over - 1 run, 2 hits, 0 errors, 1 left on base; Spokane 3 - Vancouver 7
BOTTOM OF THE 6TH
Vancouver Vipers batting - Pitching for Spokane Trappers : RHP Jeff Alexander
Batting: SHB Henry Copeland 0-0: Swinging Strike
0-1: Foul Ball, location: 2F
0-2: Ball
1-2: Strikes out swinging
Batting: LHB Benny Richard 0-0: Ball
1-0: Ball
2-0: Swinging Strike
2-1: Called Strike
2-2: Foul Ball, location: 2F
2-2: Fly out, F8 (Flyball, 8RD)
Batting: LHB Collin Smith 0-0: Called Strike
0-1: Foul Ball, location: 2F
0-2: SINGLE (Flyball, 8RS)
Batting: RHB Ryan Parrish 0-0: Foul Ball, location: 2F
0-1: Called Strike
0-2: Strikes out swinging
Bottom of the 6th over - 0 runs, 1 hit, 0 errors, 1 left on base; Spokane 3 - Vancouver 7
TOP OF THE 7TH
Spokane Trappers batting - Pitching for Vancouver Vipers : LHP Scott Davis
Pitching: LHP Dennis Morales
Batting: LHB Tommy Evans 0-0: Ball
1-0: Ball
2-0: Foul Ball, location: 2F
2-1: Swinging Strike
2-2: Foul Ball, location: 2F
2-2: Ball
3-2: Ground out U3 (Groundball, 3S)
Batting: RHB Enrique Mendoza 0-0: Ball
1-0: Ball
2-0: Swinging Strike
2-1: Ball
3-1: Called Strike
3-2: Fly out, F8 (Flyball, 8LM)
Batting: RHB Alberto Velásquez 0-0: Ball
1-0: Foul Ball, location: 2F
1-1: Foul Ball, location: 2F
1-2: Strikes out looking
Top of the 7th over - 0 runs, 0 hits, 0 errors, 0 left on base; Spokane 3 - Vancouver 7
BOTTOM OF THE 7TH
Vancouver Vipers batting - Pitching for Spokane Trappers : RHP Jeff Alexander
Batting: LHB Nick Gamble 0-0: Called Strike
0-1: Ball
1-1: Foul Ball, location: 2F
1-2: Ground out 4-3 (Groundball, 4)
Batting: RHB Rob Brady 0-0: Ball
1-0: Ball
2-0: Ball
3-0: Called Strike
3-1: Base on Balls
Batting: RHB Horace Johnson 0-0: Ball
1-0: Foul Ball, location: 2F
1-1: Called Strike
1-2: Grounds into double play, 6-4-3 (Groundball, 56)
Bottom of the 7th over - 0 runs, 0 hits, 0 errors, 0 left on base; Spokane 3 - Vancouver 7
TOP OF THE 8TH
Spokane Trappers batting - Pitching for Vancouver Vipers : LHP Dennis Morales
Batting: RHB Andrew Good 0-0: Fly out, F7 (Flyball, 78D)
Batting: RHB Juan Velásquez 0-0: Called Strike
0-1: Swinging Strike
0-2: Strikes out looking
Batting: LHB Stan Bates 0-0: Foul Ball, location: 2F
0-1: Ball
1-1: Hit by Pitch
Batting: RHB Freddy Padilla 0-0: Ball
1-0: DOUBLE (Flyball, 78D)
Stan Bates to third
Batting: LHB Harry Pitts 0-0: Ball
1-0: Ball
2-0: Called Strike
2-1: Swinging Strike
2-2: Ball
3-2: Strikes out swinging
Top of the 8th over - 0 runs, 1 hit, 0 errors, 2 left on base; Spokane 3 - Vancouver 7
BOTTOM OF THE 8TH
Vancouver Vipers batting - Pitching for Spokane Trappers : RHP Jeff Alexander
Batting: RHB Steve Bender 0-0: SINGLE (Groundball, 4MD)
Batting: RHB Salvador Medine 0-0: Swinging Strike
0-1: Ball
1-1: Foul Ball, location: 2F
1-2: Strikes out swinging
Batting: SHB Henry Copeland 0-0: Called Strike
0-1: Fly out, F7 (Flyball, 7)
Batting: LHB Benny Richard 0-0: Ball
1-0: Ball
Wild Pitch!
Steve Bender to second
2-0: Called Strike
2-1: SINGLE (Line Drive, 9S)
Steve Bender to third
Runner from 3rd tries for Home, SAFE, no throw
Pitching: LHP Pedro Mata
Batting: LHB Collin Smith 0-0: Called Strike
0-1: Ball
1-1: Foul Ball, location: 2F
1-2: Ball
2-2: Foul Ball, location: 2F
2-2: Ball
3-2: DOUBLE (Line Drive, 9LM)
Benny Richard to third
Benny Richard scores
Batting: RHB Ryan Parrish 0-0: Ball
1-0: Ball
2-0: Called Strike
2-1: Ball
3-1: Base on Balls
Batting: LHB Nick Gamble 0-0: Ground out 6-3 (Groundball, 6MS)
Bottom of the 8th over - 2 runs, 3 hits, 0 errors, 2 left on base; Spokane 3 - Vancouver 9
TOP OF THE 9TH
Spokane Trappers batting - Pitching for Vancouver Vipers : LHP Dennis Morales
Now at 2B: Brian Ford
Now at SS: Clarence Harrison
Batting: SHB Chris Bennis 0-0: Foul Ball, location: 2F
0-1: Ball
1-1: Fly out, F8 (Flyball, 8RM)
Batting: LHB Tommy Evans 0-0: Called Strike
0-1: Ball
1-1: Ball
2-1: Foul Ball, location: 2F
2-2: Strikes out swinging
Batting: RHB Enrique Mendoza 0-0: Called Strike
0-1: Foul Ball, location: 2F
0-2: Strikes out swinging
Top of the 9th over - 0 runs, 0 hits, 0 errors, 0 left on base; Spokane 3 - Vancouver 9
Saturday, April 7th, 2018 - OOTP Baseball 18.8 Build 76